 Dungeon Crawl Stone Soup version 0.29.1-13-g9f3cf754e1 (webtiles) character file.

Game seed: 4700732263970335874

65 Peloso the Covered (level 3, 0/33 HPs)
             Began as a Minotaur Fighter on Jan 21, 2023.
             Slain by a gnoll
             ... wielding a +0 spear
              (5 damage)
             ... on level 2 of the Dungeon.
             The game lasted 00:03:59 (1779 turns).

Peloso the Covered (Minotaur Fighter)               Turns: 1779, Time: 00:04:01

Health: 0/33       AC: 10    Str: 20    XL:     3   Next: 94%
Magic:  2/2        EV:  4    Int:  5    God:
Gold:   102        SH:  4    Dex: 11    Spells: 2/2 levels left

rFire   . . .      SeeInvis .   a - +0 long sword
rCold   . . .      Faith    .   d - +0 buckler
rNeg    . . .      Spirit   .   k - +0 chain mail
rPois   .          Reflect  .   (helmet restricted)
rElec   .          Harm     .   (no cloak)
rCorr   .          Rampage  .   c - +0 pair of gloves
Will    .....                   (no boots)
Stlth   ..........              (no amulet)
HPRegen 0.11/turn               (no ring)
MPRegen 0.08/turn               (no ring)

@: constricted
A: horns 2, retaliatory headbutt, evolution 1
a: no special abilities


You were on level 2 of the Dungeon.
You visited 1 branch of the dungeon, and saw 2 of its levels.

You collected 102 gold pieces.

Inventory:

Hand Weapons
 a - a +0 long sword (weapon)
Armour
 b - a +0 scale mail
 c - a +0 pair of gloves (worn)
 d - a +0 buckler (worn)
 k - a +0 chain mail (worn)
Jewellery
 i - an amulet of reflection
Scrolls
 g - a scroll of poison
 h - a scroll of identify {unknown}
Potions
 e - a potion of might
 f - a potion of magic {unknown}
 j - a potion of curing {unknown}


   Skills:
 + Level 3.8 Fighting
 + Level 3.3 Long Blades
 + Level 4.5 Armour
 + Level 0.5 Dodging
 + Level 4.3 Shields


You had 2 spell levels left.
You didn't know any spells.
Your spell library contained the following spells:

 Spells                   Type           Power      Damage    Failure   Level
 Summon Small Mammal      Summ           0%         N/A       100%        1
 Call Canine Familiar     Summ           0%         N/A       100%        3
 Summon Guardian Golem    Hex/Summ       0%         N/A       100%        3


Dungeon Overview and Level Annotations

Branches:
Dungeon (2/15)

Altars:


Innate Abilities, Weirdness & Mutations

You have a pair of horns on your head.
You reflexively headbutt those who attack you in melee.
You have hidden genetic potential.


Message History

The gnoll hits you but does no damage.
You hit the gnoll.
The gnoll is moderately wounded.
You block the gnoll's attack. The gnoll hits you with a +0 club.
You slash the gnoll!
You kill the gnoll!
A gnoll comes into view. It is wielding a +0 club.
The gnoll hits you from afar with a +0 spear.
The ball python barely misses you. The ball python grabs you.
The ball python constricts you.
You closely miss the ball python.
The gnoll shouts!
You hear a shout!
You block the gnoll's attack. The ball python bites you.
The ball python constricts you.
A gnoll comes into view. It is wielding a +0 flail. x2
The gnoll hits you but does no damage.
You hit the ball python.
The ball python is moderately wounded.
The ball python bites you but does no damage.
The ball python constricts you. The gnoll hits you but does no damage.
The ball python barely misses you. The ball python constricts you.
You hit the ball python but do no damage.
The ball python is moderately wounded.
The gnoll hits you but does no damage.
The ball python bites you but does no damage.
The ball python constricts you.
You closely miss the ball python.
The ball python is moderately wounded.
You block the ball python's attack. The ball python constricts you.
The gnoll hits you from afar with a +0 spear.
* * * LOW HITPOINT WARNING * * *
The ball python bites you but does no damage.
The ball python constricts you.
You hit the ball python.
The ball python is heavily wounded.
The gnoll hits you but does no damage. The ball python bites you.
* * * LOW HITPOINT WARNING * * *
The ball python constricts you.
The gnoll hits you from afar with a +0 spear.
You die...

#......).#$#
#...)...... #........#
.. #........###
##.#...........
.......gg...# ......gg#
.#######S#######
#.#######@#..^8^.
#.##....?...####
#.#......†.....#
#.#..####.##...#
########.#..# #.# ...#
.........#..####.# ..#
######...........##...#
#.#...........[..#
#.#.#..########..#


You could see 4 gnolls and a ball python.

Vanquished Creatures
  3 gnolls (D:2)
  A dart slug (D:1)
  4 bats
  2 endoplasms (D:1)
  2 giant cockroaches (D:1)
  6 goblins (D:1)
  2 hobgoblins (D:1)
  2 quokkas
  5 ball pythons
  2 frilled lizards
  A kobold (D:1)
  4 rats (D:1)
34 creatures vanquished.

Notes
Turn   | Place    | Note
-------+----------+-------------------------------------------
     0 | D:1      | Peloso the Minotaur Fighter began the quest for the Orb.
     0 | D:1      | Reached XP level 1. HP: 19/19 MP: 0/0
   275 | D:1      | Reached XP level 2. HP: 22/27 MP: 1/1
  1421 | D:1      | Reached XP level 3. HP: 33/33 MP: 2/2
  1449 | D:1      | Gained mutation: You have hidden genetic potential. [potion
                  | of mutation]
  1779 | D:2      | Slain by a gnoll

Illustrated notes

Levels and vault maps discovered:
D:1:      dpeg_arrival_tiny_a, layout_basic, minivault_5
D:2:      layout_loops_ring, ebering_dispersal_statue_hall

Skill      XL: |  1  2  3 |
---------------+----------+-----
Shields        | 4 |  4.3
Armour         | 4 |  4.5
Long Blades    | 3 |  3.3
Fighting       | |  3.8
Dodging        | |  0.5

Action                   || total
-------------------------++-------
Melee: Long sword        ||    85
       Headbutt          ||     5
  Use: Scroll            ||     3
       Potion            ||     2
Armor: Scale mail        ||    35
       Chain mail        ||    20
Dodge: Dodged            ||    44
Block: Buckler           ||    33
